 Dungeon Crawl Stone Soup version 0.27-a0-46-g34d46f0a3f (webtiles) character file.

Game seed: 4510157266531978383

109 KCGemini the Ducker (level 4, 22/22 HPs)
             Began as a Felid Berserker on Jan 7, 2021.
             Was a Believer of Trog.
             Quit the game on level 2 of the Dungeon.
             The game lasted 00:01:58 (2226 turns).

KCGemini the Ducker (Felid Berserker)               Turns: 2226, Time: 00:01:58

Health: 22/22      AC:  1    Str: 13    XL:     4   Next: 60%
Magic:  5/5        EV: 20    Int:  8    God:    Trog [**....]
Gold:   51         SH:  0    Dex: 17    Spells: 3/3 levels left
                                        Lives:  0   Deaths: 1

rFire    . . .     SeeInvis +     - Unarmed
rCold    . . .     Faith    .   (shield unavailable)
rNeg     . . .     Spirit   .   (armour unavailable)
rPois    .         Reflect  .   (helmet unavailable)
rElec    .         Harm     .   (cloak unavailable)
rCorr    .         Rampage  .   (gloves unavailable)
Will     .....                  (boots unavailable)
Stlth    +++.......             (no amulet)
HPRegen  0.07/turn              (no ring)
MPRegen  0.09/turn              (no ring)

@: quick
A: very small, no armour, no weapons or thrown items, stealth, claws 1, fangs 3,
see invisible, speed 1, shaggy fur 1, sharp paws
a: Renounce Religion, Berserk, Trog's Hand


You were on level 2 of the Dungeon.
You worshipped Trog.
Trog was pleased with you.
You visited 1 branch of the dungeon, and saw 2 of its levels.

You collected 51 gold pieces.

Inventory:

Wands
 i - a wand of digging (8)
Scrolls
 a - a scroll of enchant weapon {unknown}
 c - 3 scrolls of identify
 d - a scroll of teleportation
 f - 2 scrolls of noise {unknown}
 g - a scroll of remove curse {unknown}
 j - 3 scrolls of blinking {unknown}
Potions
 b - a potion of lignification
 e - a potion of flight {unknown}
 h - 2 potions of curing {unknown}


   Skills:
 + Level 3.8 Fighting
 + Level 5.2 Dodging
 + Level 3.2 Stealth
 * Level 4.6 Unarmed Combat


You had 3 spell levels left.
You didn't know any spells.
Your spell library was empty.

Dungeon Overview and Level Annotations

Branches:
Dungeon (2/15)

Altars:

Annotations:
D:2 Robin


Innate Abilities, Weirdness & Mutations

You cannot wear armour.
You are incapable of wielding weapons or throwing items.
Your paws allow you to move quietly. (Stealth)
You have sharp claws.
You have razor-sharp teeth.
You have supernaturally acute eyesight. (SInv)
You cover ground quickly.
You are covered in fur. (AC +1)
Your sharp claws are effective at attacking unaware monsters.


Message History

You smack the goblin!
You kill the goblin!
Trog accepts your kill.
The goblin no longer looks unusually strong.
The goblin hits you but does no damage. The goblin hits you with a +0 dagger.
* * * LOW HITPOINT WARNING * * *
The goblin hits you with a +0 dagger.
* * * LOW HITPOINT WARNING * * *
The goblin hits you but does no damage.
You completely miss Robin.
The goblin no longer looks unusually strong.
The goblin hits you but does no damage. x5
You hit Robin but do no damage.
The goblin no longer looks unusually strong.
The goblin hits you but does no damage. x4; The goblin hits you with a +0 club.
You die...
Your shape twists and changes as you die.
You are now level 4!
You feel less wooden.
You rejoin the land of the living...

#.....# ##.## ###.....#
#..# ###.w.##..####.##
.#r>#####.......###
.#.## #...###...# ...#
####.#(.####.# .###
.....##.<(##.# ...#
......###..#)###
...#..........).@...#
#..########.........#
#..# ##..[.....# ...###
####..##..#
.....#########...# #.#
##.............#...#..#
####....†...........#.#
)).....###########.....
†............. .....


There were no monsters in sight!

Vanquished Creatures
  An ice beast (D:2)
  Jessica (D:2)
  Terence (D:2)
  2 adders (D:2)
  A worm (D:2)
  A dart slug (D:1)
  2 leopard geckos (D:2)
  6 giant cockroaches
  9 goblins
  5 hobgoblins
  7 bats
  6 kobolds (D:1)
  5 rats
47 creatures vanquished.

Notes
Turn   | Place    | Note
-------+----------+-------------------------------------------
     0 | D:1      | KCGemini the Felid Berserker began the quest for the Orb.
     0 | D:1      | Reached XP level 1. HP: 10/10 MP: 2/2
   218 | D:1      | Reached XP level 2. HP: 14/14 MP: 3/3
   224 | D:1      | Reached skill level 1 in Stealth
   997 | D:1      | Reached XP level 3. HP: 17/17 MP: 4/4
  1234 | D:2      | Noticed Terence
  1242 | D:2      | Killed Terence
  1312 | D:2      | Reached ** piety under Trog
  1316 | D:2      | Noticed an ice beast
  1671 | D:2      | Noticed Jessica
  1677 | D:2      | Killed Jessica
  1678 | D:2      | Reached XP level 4. HP: 21/21 MP: 5/5
  1760 | D:2      | Killed an ice beast
  1761 | D:2      | Reached skill level 5 in Dodging
  1761 | D:2      | Reached XP level 5. HP: 5/25 MP: 6/6
  2209 | D:2      | Noticed Robin
  2223 | D:2      | HP: 1/37 [goblin/+0 dagger[Robin] (3)]
  2225 | D:2      | Slain by a goblin
  2226 | D:2      | Reached XP level 4. HP: 0/33 MP: 5/5
  2226 | D:2      | Quit the game

Illustrated notes

Levels and vault maps discovered:
D:1:      dpeg_arrival_connections, layout_loops_cross
D:2:      layout_rooms, uniq_robin, uniq_jessica, uniq_terence

Skill      XL: |  1  2  3  4 |
---------------+-------------+-----
Stealth        | 1 2 3 |  3.2
Unarmed Combat | 4 |  4.6
Dodging        | 5 |  5.2
Fighting       | |  3.8

Action                   |  1- 3 |  4- 6 || total
-------------------------+-------+-------++-------
Melee: Unarmed           |    79 |    42 ||   121
       Bite              |     7 |     2 ||     9
       Punch             |       |     1 ||     1
Invok: Berserk           |     3 |     2 ||     5
  Use: Scroll            |       |     2 ||     2
       Potion            |       |     1 ||     1
 Stab: Sleeping          |     6 |       ||     6
Armor: Skin              |     6 |    39 ||    45
Dodge: Dodged            |    66 |    37 ||   103

Table legend: (Time is in decaauts)
 A = Elapsed time spent in this place.
 B = Non-inter-level travel time spent in this place.
 C = Inter-level travel time spent in this place.
 D = Time resting spent in this place.
 E = Time spent auto-exploring this place.
 F = Levels seen in this place.
 G = Mean time per level.
                   A        B        C        D        E       F      G
               +--------+--------+--------+--------+--------+-----+--------+
         Total |   2119 |   2091 |     28 |   1035 |    797 |   2 | 1059.5 |
       Dungeon |   2119 |   2091 |     28 |   1035 |    797 |   2 | 1059.5 |
               +--------+--------+--------+--------+--------+-----+--------+

Top non-repeatable levels by time:
     D:1: 1415 daAuts
     D:2: 704 daAuts
